 Dungeon Crawl Stone Soup version 0.30.2 (webtiles) character file.

Game seed: 2194373037326053266

2318 Ashen the Thaumaturge (level 9, -1/66 HPs)
             Began as a Gnoll Hedge Wizard on Jan 29, 2024.
             Was a Believer of Sif Muna.
             Shot with a sling bullet by Joseph (12 damage)
             ... on level 7 of the Dungeon.
             The game lasted 00:23:39 (9260 turns).

Ashen the Thaumaturge (Gnoll Hedge Wizard)          Turns: 9260, Time: 00:23:39

Health: -1/66      AC:  4    Str: 14    XL:     9   Next: 41%
Magic:  26/30      EV: 13    Int: 17    God:    Sif Muna [**....]
Gold:   430        SH:  0    Dex: 11    Spells: 12/25 levels left

rFire   . . .        b - +0 rapier
rCold   . . .        (no shield)
rNeg    + + .        g - +0 leather armour
rPois   .            u - +0 helmet
rElec   .            (no cloak)
rCorr   +            (no gloves)
SInv    .            (no boots)
Will    .....        J - amulet "Cutawk" {RegenMP rN++ Str+3}
Stlth   +++          s - ring of resist corrosion
HPRegen 0.31/turn    D - ring of magical power
MPRegen 0.62/turn

%: no passive effects
@: on blink cooldown
A: fangs 1, strong nose, distributed training
a: Renounce Religion, Channel Magic


You were on level 7 of the Dungeon.
You worshipped Sif Muna.
Sif Muna was pleased with you.
You visited 1 branch of the dungeon, and saw 7 of its levels.

You collected 430 gold pieces.

Inventory:

Hand Weapons
 a - a +0 dagger
 b - a +0 rapier (weapon)
Missiles
 e - 4 throwing nets
Armour
 g - a +0 leather armour (worn)
 u - a +0 helmet (worn)
Magical Staves
 f - a staff of conjuration
Jewellery
 s - a ring of resist corrosion (left hand)
 D - a ring of magical power (right hand)
 J - the amulet "Cutawk" (around neck) {RegenMP rN++ Str+3}
   (You found it on level 7 of the Dungeon)

   [amulet of magic regeneration]

   It increases your rate of magic regeneration.
   Str:       It affects your strength (+3).
   rN:        It greatly protects you from negative energy.
Wands
 E - a wand of iceblast (18)
 G - a wand of mindburst (14)
 H - a wand of polymorph (14)
Scrolls
 c - 2 scrolls of amnesia {unknown}
 h - a scroll of poison {unknown}
 j - a scroll of vulnerability {unknown}
 k - a scroll of summoning {unknown}
 l - a scroll of immolation {unknown}
 m - 2 scrolls of noise {unknown}
 n - 3 scrolls of torment {unknown}
 o - 3 scrolls of silence {unknown}
 p - 5 scrolls of identify {unknown}
 q - 2 scrolls of blinking {unknown}
 y - a scroll of enchant armour {unknown}
 B - a scroll of teleportation {unknown}
 C - a scroll of enchant weapon {unknown}
Potions
 d - a potion of magic
 i - a potion of attraction {unknown}
 r - 2 potions of ambrosia
 t - a potion of invisibility {unknown}
 v - 3 potions of flight
 w - a potion of might
 x - a potion of curing {unknown}
 z - 2 potions of degeneration {unknown}
 A - a potion of haste {unknown}
 F - a potion of berserk rage {unknown}
 I - a potion of heal wounds


   Skills:
 + Level 4.4 Fighting
 + Level 4.4 Short Blades
 + Level 4.4 Long Blades
 + Level 4.4 Axes
 + Level 4.4 Maces & Flails
 + Level 4.4 Polearms
 + Level 4.4 Staves
 + Level 4.4 Ranged Weapons
 + Level 4.4 Throwing
 + Level 4.4 Armour
 + Level 6.4 Dodging
 + Level 6.1 Stealth
 + Level 4.4 Shields
 + Level 4.4 Unarmed Combat
 + Level 8.5 Spellcasting
 + Level 4.2 Conjurations
 + Level 3.6 Hexes
 + Level 4.2 Summonings
 + Level 3.6 Necromancy
 + Level 4.2 Translocations
 + Level 3.6 Transmutations
 + Level 3.6 Fire Magic
 + Level 3.6 Ice Magic
 + Level 3.6 Air Magic
 + Level 3.6 Earth Magic
 + Level 3.6 Poison Magic
 + Level 4.8 Invocations
 + Level 4.4 Evocations


You had 12 spell levels left.
You knew the following spells:

 Your Spells              Type           Power      Damage    Failure   Level
a - Magic Dart            Conj           84%        1d7       2%          1
b - Blink                 Tloc           42%        N/A       3%          2
c - Mephitic Cloud        Conj/Pois/Air  20%        N/A       8%          3
d - Swiftness             Air            19%        N/A       9%          3
e - Airstrike             Air            9%         2d(2-18)  26%         4

Your spell library contained the following spells:

 Spells                   Type           Power      Damage    Failure   Level
 Freeze                   Ice            76%        1d8       2%          1
 Shock                    Conj/Air       80%        1d8       2%          1
 Slow                     Hex            76%        N/A       2%          1
 Call Imp                 Summ           42%        N/A       3%          2
 Cigotuvi's Dreadful Rot  Necr/Pois/Air  38%        N/A       4%          2
 Call Canine Familiar     Summ           21%        N/A       6%          3
 Hailstorm                Conj/Ice       20%        3d6       8%          3
 Portal Projectile        Hex/Tloc       40%        N/A       8%          3
 Stone Arrow              Conj/Erth      40%        3d9       8%          3
 Frozen Ramparts          Ice            38%        1d6       9%          3
 Animate Armour           Summ/Erth      40%        N/A       24%         4
 Leda's Liquefaction      Hex/Erth       9%         N/A       26%         4
 Lehudib's Crystal Spear  Conj/Erth      10%        10d4      100%        8


Dungeon Overview and Level Annotations

Branches:
Dungeon (7/15)             Temple (0/1) D:5

Altars:
Cheibriados
Gozag
Hepliaklqana
Makhleb
Sif Muna
Wu Jian

Shops:
D:2 :   D:4 [

Annotations:
D:3 3 runed translucent doors, vbillard's ghost, amateur DECj
D:5 Dowan; Duvessa; Sigmund
D:6 1 runed translucent door, DRAGONFLAY's ghost, weakling OpDe
D:7 Joseph


Innate Abilities, Weirdness & Mutations

You have very sharp teeth.
Your uncanny sense of smell can sniff out nearby items.
Your experience applies equally to all skills.


Message History

Aiming: Magic Dart (safe; 2% risk of failure)
Press: ? - help, Shift-Dir - straight line, f/p - Joseph
Aim: Joseph, wielding a +0 quarterstaff and wearing a +2 ring mail of cold resistance (almost dead, confused, 100% to hit)
The magic dart hits Joseph.
Joseph is almost dead.
Casting: Magic Dart (safe; 2% risk of failure)
Confirm with . or Enter, or press ? or * to list all spells.
Aiming: Mephitic Cloud (dangerous; 8% risk of failure)
Press: ? - help, Shift-Dir - straight line, f/p - Joseph
Aim: Joseph, wielding a +0 quarterstaff and wearing a +2 ring mail of cold resistance (almost dead, confused, chance to affect: 72%)
The ball explodes into a vile cloud!
The stinking cloud engulfs Joseph but does no damage.
Joseph is almost dead.
Joseph is engulfed in noxious fumes.
Joseph appears confused.
Joseph ponders the situation.
Casting: Mephitic Cloud (dangerous; 8% risk of failure)
Confirm with . or Enter, or press ? or * to list all spells.
Aiming: Magic Dart (safe; 2% risk of failure)
Press: ? - help, Shift-Dir - straight line, f/p - Joseph
Aim: Joseph, wielding a +0 quarterstaff and wearing a +2 ring mail of cold resistance (almost dead, confused, 100% to hit)
The magic dart hits Joseph but does no damage.
Joseph is almost dead.
Joseph is nearby!
Casting: Magic Dart (safe; 2% risk of failure)
Confirm with . or Enter, or press ? or * to list all spells.
You blink.
A gnoll comes into view. It is wielding a +2 spear of venom.
Casting: Blink (safe; 3% risk of failure)
Confirm with . or Enter, or press ? or * to list all spells.
Aiming: Mephitic Cloud (dangerous; 8% risk of failure)
Press: ? - help, Shift-Dir - straight line, f/p - Joseph
Aim: Joseph, wielding a +0 quarterstaff and wearing a +2 ring mail of cold resistance (almost dead, chance to affect: 72%)
The ball explodes into a vile cloud!
The stinking cloud engulfs Joseph but does no damage.
Joseph is almost dead.
You hear a shout!
Joseph is engulfed in noxious fumes.
Joseph unwields a +0 quarterstaff.
Joseph wields a +0 sling.
Joseph shoots a sling bullet.
The sling bullet hits you!
You die...

..###...## ...# #..... #
...##......# .#
#...........# .#
.......####..##..#
.####..# #.§#.# ## ..#
##..###### ## ..#
##.#..#..# .##
#.#####....@..☼## ..##
#...........##@.# ##
#..###.........#####.##.#
##.......####..# ##...#
#......## ##.## #...#
#...##..###g..## #...#
#...####..#.....## .#.##
#..## #............. ##
..## #.............##


You could see Joseph and a gnoll.

Vanquished Creatures
  3 yaks (D:6)
  A steam dragon (D:6)
  4 water moccasins
  An ice beast (D:7)
  An ogre (D:6)
  A phantom (D:6)
  2 centaurs
  A bullfrog (D:6)
  A scorpion (D:6)
  2 howler monkeys
  A jelly (D:5)
  A gnoll bouda (D:7)
  5 hounds
  3 iguanas
  Ijyb (D:5)
  4 orc wizards
  A sleepcap (D:4)
  Robin (D:2)
  4 adders
  9 gnolls
  A shadow imp (D:6)
  3 white imps
  An ufetubus (D:5)
  A worm (D:3)
  3 dart slugs (D:1)
  19 orcs
  8 endoplasms
  A giant cockroach (D:1)
  3 hobgoblins
  3 jackals
  A kobold (D:1)
  2 quokkas
  4 ball pythons
  5 bats
  A frilled lizard (D:1)
  16 goblins
  2 rats (D:1)
121 creatures vanquished.

Vanquished Creatures (others)
  An orc wizard (D:6)
1 creature vanquished.

Grand Total: 122 creatures vanquished

Notes
Turn   | Place    | Note
-------+----------+-------------------------------------------
     0 | D:1      | Ashen the Gnoll Hedge Wizard began the quest for the Orb.
     0 | D:1      | Reached XP level 1. HP: 13/13 MP: 8/8
   293 | D:1      | Reached XP level 2. HP: 18/19 MP: 5/10
   744 | D:1      | Found a faded altar of an unknown god.
  1167 | D:2      | Reached XP level 3. HP: 25/25 MP: 7/11
  1173 | D:2      | Reached skill level 1 in Invocations
  1262 | D:2      | Reached skill level 1 in Fighting
  1262 | D:2      | Reached skill level 1 in Short Blades
  1262 | D:2      | Reached skill level 1 in Long Blades
  1262 | D:2      | Reached skill level 1 in Axes
  1262 | D:2      | Reached skill level 1 in Maces & Flails
  1262 | D:2      | Reached skill level 1 in Polearms
  1262 | D:2      | Reached skill level 1 in Staves
  1262 | D:2      | Reached skill level 1 in Ranged Weapons
  1262 | D:2      | Reached skill level 1 in Throwing
  1262 | D:2      | Reached skill level 1 in Armour
  1262 | D:2      | Reached skill level 1 in Shields
  1262 | D:2      | Reached skill level 1 in Unarmed Combat
  1262 | D:2      | Reached skill level 1 in Evocations
  1426 | D:2      | Found Huah's Book Shoppe.
  1430 | D:2      | Noticed Robin
  1442 | D:1      | Reached XP level 4. HP: 24/32 MP: 10/13
  2036 | D:2      | Killed Robin
  2037 | D:2      | Reached skill level 1 in Hexes
  2037 | D:2      | Reached skill level 1 in Necromancy
  2037 | D:2      | Reached skill level 1 in Transmutations
  2037 | D:2      | Reached skill level 1 in Fire Magic
  2037 | D:2      | Reached skill level 1 in Ice Magic
  2037 | D:2      | Reached skill level 1 in Air Magic
  2037 | D:2      | Reached skill level 1 in Earth Magic
  2037 | D:2      | Reached skill level 1 in Poison Magic
  2124 | D:2      | Learned a level 2 spell: Blink
  2128 | D:2      | Learned a level 3 spell: Mephitic Cloud
  2132 | D:2      | Learned a level 3 spell: Swiftness
  2137 | D:2      | Learned a level 4 spell: Airstrike
  2398 | D:2      | Found Huah's Book Shoppe.
  2872 | D:3      | Found a runed translucent gate.
  2874 | D:3      | Found a runed translucent gate.
  2874 | D:3      | Noticed vbillard's ghost (amateur DECj)
  2903 | D:3      | Noticed a kobold brigand
  2910 | D:3      | Found a runed translucent gate.
  2982 | D:3      | Found an opulent altar of Gozag.
  3077 | D:3      | Found a burning altar of Makhleb.
  3132 | D:3      | Found a shimmering blue altar of Sif Muna.
  3208 | D:3      | Found a snail-covered altar of Cheibriados.
  3244 | D:3      | Became a worshipper of Sif Muna the Loreminder
  3582 | D:4      | Found a hazy altar of Hepliaklqana.
  3623 | D:4      | Noticed an animated plate armour
  3633 | D:4      | Found Wogutan's Armour Shoppe.
  3635 | D:4      | Noticed an animated pearl dragon scales
  3672 | D:4      | Reached XP level 5. HP: 37/37 MP: 6/14
  3798 | D:4      | Noticed a water moccasin
  3810 | D:4      | Killed a water moccasin
  3811 | D:4      | Reached XP level 6. HP: 4/44 MP: 3/16
  3811 | D:4      | HP: 1/44 [poisoned by a water moccasin]
  3904 | D:4      | Reached skill level 5 in Dodging
  4295 | D:4      | Reached * piety under Sif Muna
  4765 | D:5      | Entered Level 5 of the Dungeon
  4950 | D:5      | Noticed Duvessa
  4950 | D:5      | Noticed Dowan
  4985 | D:5      | Noticed Ijyb
  5001 | D:5      | Killed Ijyb
  5002 | D:5      | Reached XP level 7. HP: 33/50 MP: 18/18
  5405 | D:5      | Noticed Sigmund
  5595 | D:5      | Found a staircase to the Ecumenical Temple.
  6061 | D:6      | Reached skill level 5 in Stealth
  6368 | D:6      | Reached XP level 8. HP: 52/58 MP: 13/19
  6687 | D:6      | Noticed a yak
  6713 | D:6      | Noticed a yak
  6715 | D:6      | Noticed a yak
  6738 | D:6      | Killed a yak
  6739 | D:6      | Reached skill level 8 in Spellcasting
  6752 | D:6      | Killed a yak
  6755 | D:6      | Killed a yak
  7035 | D:6      | Found a runed translucent door.
  7144 | D:6      | Reached XP level 9. HP: 57/65 MP: 19/21
  7372 | D:6      | Reached ** piety under Sif Muna
  7749 | D:6      | Noticed DRAGONFLAY's ghost (weakling OpDe)
  7929 | D:7      | Identified the +5 ring mail of Danelo {+Inv Str+4}
  8498 | D:7      | Found an ornate altar of the Wu Jian Council.
  9136 | D:7      | Identified the amulet "Cutawk" {RegenMP rN++ Str+3}
  9209 | D:7      | Noticed Joseph
  9233 | D:7      | HP: 3/66 [Joseph/+0 quarterstaff (13)]
  9260 | D:7      | Shot with a sling bullet by Joseph

Illustrated notes

Levels and vault maps discovered:
D:1:      sevenhm_arrival_forest_fort_small_3, layout_rooms,
          dreamdust_ecumenical_altar_hidden_monk_grotto
D:2:      layout_basic, serial_shops, shop, uniq_robin
D:3:      layout_rooms, slow_altar_1, nicolae_gozag_seed_capital,
          mainiacjoe_overflow_large_starburst, gammafunk_ghost_nasty_kobolds
D:4:      layout_basic, mainiacjoe_overflow_tiny_flanked, serial_shops,
          nicolae_shop_mannequins
D:5:      layout_gridville, minmay_temple_entry_enclosed_plants, uniq_ijyb,
          uniq_sigmund, uniq_duvessa
D:6:      layout_layer_cave, ebering_ghost_reflecting_pool,
          minmay_misc_feat_square, serial_bayou_pond_e
D:7:      layout_layer_cave, lemuel_coloured_pillars_altar,
          gammafunk_ghost_cemetery, minmay_misc_feat_five, uniq_joseph

Skill      XL: |  1  2  3  4  5  6  7  8  9 |
---------------+----------------------------+-----
Conjurations   | 2 3 4 |  4.2
Summonings     | 2 3 4 |  4.2
Translocations | 2 3 4 |  4.2
Invocations    | 1 2 3 4 |  4.8
Fighting       | 1 2 3 4 |  4.4
Short Blades   | 1 2 3 4 |  4.4
Long Blades    | 1 2 3 4 |  4.4
Axes           | 1 2 3 4 |  4.4
Maces & Flails | 1 2 3 4 |  4.4
Polearms       | 1 2 3 4 |  4.4
Staves         | 1 2 3 4 |  4.4
Ranged Weapons | 1 2 3 4 |  4.4
Throwing       | 1 2 3 4 |  4.4
Armour         | 1 2 3 4 |  4.4
Shields        | 1 2 3 4 |  4.4
Unarmed Combat | 1 2 3 4 |  4.4
Evocations     | 1 2 3 4 |  4.4
Hexes          | 1 2 3 |  3.6
Necromancy     | 1 2 3 |  3.6
Transmutations | 1 2 3 |  3.6
Fire Magic     | 1 2 3 |  3.6
Ice Magic      | 1 2 3 |  3.6
Air Magic      | 1 2 3 |  3.6
Earth Magic    | 1 2 3 |  3.6
Poison Magic   | 1 2 3 |  3.6
Dodging        | 5 6 |  6.4
Stealth        | 5 6 |  6.1
Spellcasting   | 8 |  8.5

Action                     |  1- 3 |  4- 6 |  7- 9 || total
---------------------------+-------+-------+-------++-------
  Melee: Staff             |     4 |    24 |    18 ||    46
         Bite              |       |     7 |    18 ||    25
         Rapier            |       |    12 |   141 ||   153
         Punch             |       |       |     8 ||     8
   Cast: Magic Dart        |    73 |   151 |   164 ||   388
         Mephitic Cloud    |       |     1 |    25 ||    26
         Blink             |       |       |     4 ||     4
    Use: Potion            |       |     5 |       ||     5
   Stab: Confused          |       |     2 |    11 ||    13
         Sleeping          |       |       |     1 ||     1
 Armour: Leather armour    |     9 |    15 |    41 ||    65
  Dodge: Dodged            |    15 |    59 |   133 ||   207
